 Dungeon Crawl Stone Soup version 0.30-a0-368-g86fb4627a9 (webtiles) character file.

Game seed: 377677749534214363

133 mopl the Insei (level 5, -3/37 HPs)
             Began as a Djinni Transmuter on Nov 18, 2022.
             Slain by Edmund
             ... wielding a +0 flail of protection
              (7 damage)
             ... on level 3 of the Dungeon.
             The game lasted 00:04:12 (2763 turns).

mopl the Insei (Djinni Transmuter)                  Turns: 2763, Time: 00:04:13

Health: -3/37      AC:  3    Str: 11    XL:     5   Next: 40%
Gold:   18         EV: 12    Int: 14    God:
                   SH:  0    Dex: 14

rFire   + + .      SeeInvis .    l - +1 dagger (venom)
rCold   x . .      Faith    +    (no shield)
rNeg    . . .      Spirit   .    a - +0 robe
rPois   ∞          Reflect  .    w - +0 helmet
rElec   .          Harm     .    (no cloak)
rCorr   .          Rampage  .    (no gloves)
Will    .....                    (boots unavailable)
Stlth   +.........               g - amulet of faith {!P}
HPRegen 0.26/turn                (no ring)
MPRegen 0.00/turn                (no ring)

@: flying
A: sickness immunity, fire resistance 2, cold vulnerability 1, float, innate
caster, HP casting, extra vitality 1
a: no special abilities


You were on level 3 of the Dungeon.
You visited 1 branch of the dungeon, and saw 4 of its levels.

You collected 165 gold pieces.
You spent 147 gold pieces at shops.

Inventory:

Hand Weapons
 l - a +1 dagger of venom (weapon)
Missiles
 c - 6 datura-tipped darts
 n - 3 boomerangs
Armour
 a - a +0 robe (worn)
 w - a +0 helmet (worn)
Jewellery
 g - an amulet of faith (around neck) {!P}
 u - a ring of willpower
Scrolls
 d - 2 scrolls of vulnerability {unknown}
 e - 3 scrolls of identify {unknown}
 h - a scroll of poison {unknown}
 i - 2 scrolls of fog {unknown}
 j - a scroll of enchant weapon {unknown}
 o - a scroll of amnesia {unknown}
 p - a scroll of enchant armour {unknown}
Potions
 b - 3 potions of lignification {!q}
 f - a potion of flight {unknown}
 k - a potion of heal wounds {unknown}
 m - a potion of cancellation {unknown}
 q - 2 potions of might {unknown}
 r - a potion of curing
 s - a potion of magic {unknown}
 t - a potion of ambrosia {unknown}
 v - a potion of mutation {unknown}


   Skills:
 - Level 1.0 Fighting
 - Level 2.1 Dodging
 * Level 5.0 Unarmed Combat
 + Level 2.5 Spellcasting


You couldn't memorise any spells.
You knew the following spells:

 Your Spells              Type           Power      Damage    Failure   Level
a - Beastly Appendage     Tmut           16%        N/A       9%          1
b - Wereblood             Tmut           8%         N/A       12%         2
c - Spider Form           Tmut/Pois      8%         N/A       24%         3
d - Ice Form              Ice/Tmut       8%         N/A       63%         4
e - Necrotise             Necr           32%        1d5       9%          1
f - Passwall              Tmut/Erth      6%         N/A       12%         2
Your spell library was empty.

Dungeon Overview and Level Annotations

Branches:
Dungeon (4/15)
 Temple: D:4-7

Altars:
Ashenzari
Makhleb

Shops:
D:1 (*!![

Annotations:
D:3 Edmund
D:4 Blork the orc


Innate Abilities, Weirdness & Mutations

You are immune to sickness and miasma.
You are immune to poison.
Your flesh is very heat resistant. (rF++)
You are vulnerable to cold. (rC-)
You float through the air rather than walking.
You learn spells naturally, not from books.
Your magical power is your life essence.
You have superior vitality. (+4 MHP)


Message History

Your magical contamination has completely faded away.
You barely miss Edmund.
Edmund is lightly wounded.
Edmund closely misses you.
You hit Edmund but do no damage.
Edmund is lightly wounded.
Edmund hits you with a +0 flail of protection!
You closely miss Edmund. Your punch misses Edmund.
Edmund is moderately wounded.
Edmund barely misses you.
You hit Edmund.
Edmund looks as sick as possible!
Edmund is moderately wounded.
Edmund misses you.
You hit Edmund.
Edmund looks as sick as possible!
Edmund is moderately wounded.
Edmund hits you with a +0 flail of protection.
You barely miss Edmund.
Edmund is moderately wounded.
Edmund misses you.
You hit Edmund.
Edmund is heavily wounded.
Edmund hits you with a +0 flail of protection!
* * * LOW HITPOINT WARNING * * *
You barely miss Edmund.
Edmund is heavily wounded.
Edmund closely misses you. Edmund attacks as you move away!
Edmund closely misses you. Edmund attacks as you move away!
Edmund barely misses you.
You feel better.
Edmund hits you with a +0 flail of protection!
* * * LOW HITPOINT WARNING * * *
You feel better. Edmund misses you.
You hit Edmund.
Edmund is severely wounded.
Edmund hits you with a +0 flail of protection!
* * * LOW HITPOINT WARNING * * *
You barely miss Edmund.
Edmund is severely wounded.
Edmund hits you with a +0 flail of protection!
You die...

##.........##.#...###.######....#
##.......###.##..# #.# #<#.##
##.....## #.###.# #.# #.###
##...## #.##..# #.# #.# ##+##
#.##.####.# #.# #.# #.........#
#.# #.# ####.###### #.# ##.## #.#
#####.#### ##...########@#
#......... ####.......>...@.#
#.###.###. ....#...########## #.#
#.##.. ###....## #.# #.....
####.# #.# ####.. #.# #.#######.
#.# #......... #.# ########## #
#.# #........#


You could see Edmund (very poisoned).

Vanquished Creatures
  Jessica (D:2)
  2 adders
  A dart slug (D:1)
  5 orcs
  8 ball pythons
  4 bats
  7 endoplasms
  6 giant cockroaches
  14 goblins
  5 hobgoblins
  4 jackals (D:2)
  6 kobolds
  A quokka (D:2)
  3 frilled lizards
  7 rats
74 creatures vanquished.

Notes
Turn   | Place    | Note
-------+----------+-------------------------------------------
     0 | D:1      | mopl the Djinni Transmuter began the quest for the Orb.
     0 | D:1      | mopl set off with the following spells memorised: Beastly
                  | Appendage, Wereblood, Spider Form, Ice Form.
     0 | D:1      | Reached XP level 1. HP: 17/17 MP: 0/0
   107 | D:1      | Reached XP level 2. HP: 18/22 MP: 0/0
   149 | D:1      | Found Palaczod's Assorted Antiques.
   242 | D:1      | Found Exe Diock's Distillery.
   254 | D:1      | Found Viykiaze's Armour Boutique.
   353 | D:1      | Reached XP level 3. HP: 27/27 MP: 0/0
   353 | D:1      | Learned a level 1 spell: Necrotise
   463 | D:1      | Reached skill level 2 in Spellcasting
   470 | D:1      | Found Hunova's Antique Weapon Boutique.
   518 | D:1      | Found Iwiog's Distillery.
   847 | D:2      | Reached skill level 4 in Unarmed Combat
  1201 | D:2      | Reached XP level 4. HP: 32/32 MP: 0/0
  1316 | D:2      | Noticed Jessica
  1326 | D:2      | Killed Jessica
  1419 | D:2      | Found a burning altar of Makhleb.
  1502 | D:2      | Reached XP level 5. HP: 31/37 MP: 0/0
  1502 | D:2      | Learned a level 2 spell: Passwall
  1735 | D:1      | Bought a scroll labelled FIFIGG XUBB for 20 gold pieces
  1735 | D:1      | Bought a fuming blue potion for 18 gold pieces
  1735 | D:1      | Bought a puce potion for 18 gold pieces
  1767 | D:1      | Bought a potion of degeneration for 13 gold pieces
  1984 | D:3      | Found a broken altar of Ashenzari.
  1994 | D:3      | Reached skill level 5 in Unarmed Combat
  2607 | D:1      | Bought a potion of attraction for 39 gold pieces
  2607 | D:1      | Bought a potion of curing for 39 gold pieces
  2637 | D:4      | Noticed Edmund
  2637 | D:4      | Noticed Blork the orc
  2763 | D:3      | Slain by Edmund

Illustrated notes

Levels and vault maps discovered:
D:1:      shiori_arrival_oz, layout_loops_cross, serial_shops,
          nicolae_shop_trees, shop, shop, shop, shop_statue,
          kennysheep_pointless_box, minmay_misc_feat_columns, hex_large
D:2:      cheibrodos_greedy_goblins, layout_loops_ring, basic_altar,
          wad_orctagon, uniq_jessica
D:3:      layout_loops_corners, evilmike_ruin_ashenzari
D:4:      layout_basic, uniq_edmund, uniq_ijyb, uniq_blork_the_orc

Skill      XL: |  1  2  3  4  5 |
---------------+----------------+-----
Spellcasting   | 2 |  2.5
Unarmed Combat | 4 5 |  5.0
Fighting       | |  1.0
Dodging        | |  2.1

Action                   |  1- 3 |  4- 6 || total
-------------------------+-------+-------++-------
Melee: Unarmed           |   119 |     9 ||   128
       Headbutt          |    14 |     2 ||    16
       Punch             |     3 |     5 ||     8
       Dagger            |       |   109 ||   109
 Cast: Beastly Appendage |    15 |     3 ||    18
  Use: Potion            |       |     3 ||     3
 Stab: Distracted        |       |     1 ||     1
       Sleeping          |       |     1 ||     1
Armor: Robe              |    32 |    11 ||    43
Dodge: Dodged            |    99 |    60 ||   159

Table legend: (Time is in decaauts)
 A = Elapsed time spent in this place.
 B = Non-inter-level travel time spent in this place.
 C = Inter-level travel time spent in this place.
 D = Time resting spent in this place.
 E = Time spent auto-exploring this place.
 F = Levels seen in this place.
 G = Mean time per level.
                   A        B        C        D        E       F      G
               +--------+--------+--------+--------+--------+-----+--------+
         Total |   2756 |   2579 |    177 |    160 |   1882 |   4 |  689.0 |
       Dungeon |   2756 |   2579 |    177 |    160 |   1882 |   4 |  689.0 |
               +--------+--------+--------+--------+--------+-----+--------+

Top non-repeatable levels by time:
     D:2: 1040 daAuts
     D:3: 930 daAuts
     D:1: 772 daAuts
     D:4: 14 daAuts
